AoeStats
← DS_Rodrixs

Arabian Desert

516441307Analyzed
1v1 RM · 11d ago on Oct 26, 2026· 23m 56s· 2 players
Game mode
Random Map
Map size
Tiny (2 player)
Population
200
Speed
Normal
Resources
Standard
Victory
Conquest
Starting age
Dark Age
Ending age
Imperial Age
RankedLock teamsTeams togetherTeam positionsShared explorationLock speedFull tech treeHidden civsTurbo modeCheats
Victory
Defeat
🇨🇦 Inca · Canada
2943
+4
vs
🇦🇷 Inca · Argentina
2617
-4
DS_Rodrixs
5:03 Loom
8:35 Feudal Age
9:30 Double-Bit Axe
9:27 Champi Runner
14:15 Fletching
16:44 Scale Mail Armor
18:58 Forging
23:55 Castle Age
22:11 Horse Collar
VIT | Hera
8:27 Feudal Age
7:03 Loom
8:29 Champi Runner
9:26 Double-Bit Axe
14:22 Scale Mail Armor
15:52 Horse Collar
18:04 Forging
19:30 Wheelbarrow
22:10 Castle Age
21:09 Forging
20:47 Arson
22:12 Champi Warrior
22:52 Squires
23:10 Chain Mail Armor
Connection lost

Rejoining the realm…

Still unreachable

The connection could not be restored.

Session expired

The server has moved on; the page needs a fresh start.